 Dungeon Sprint DCSS version 0.25.1-2-g60ff931df9 (webtiles) character file.

Game seed: 2275572318780301628

717 jbtxwes the Carver (level 7, -4/73 HPs)
             Began as a Hill Orc Fighter on Nov 20, 2020.
             Was a Believer of Qazlal.
             Slain by a +1 halberd of protection (14 damage)
             ... in the Dungeon (Sprint V: "Ziggurat Sprint").
             The game lasted 00:08:21 (351 turns).

jbtxwes the Carver (Hill Orc Fighter)                Turns: 351, Time: 00:08:23

Health: -4/73      AC: 19    Str: 27    XL:     7   Next: 70%
Magic:  11/14      EV:  3    Int: 14    God:    Qazlal [**....]
Gold:   0          SH: 15    Dex: 10    Spells: 8/8 levels left

rFire    + . .     SeeInvis .   M - +9 sword of Zonguldrok {reap}
rCold    + . .     Gourm    .   I - +3 kite shield
rNeg     . . .     Faith    .   K - +5 gold dragon scales
rPois    +         Spirit   .   (no helmet)
rElec    .         Reflect  .   (no cloak)
rCorr    .         Harm     .   (no gloves)
MR       .....     NoTele   +   (no boots)
Stlth    ..........             (no amulet)
HPRegen  0.22/turn              B - +6 ring of strength
MPRegen  0.14/turn              z - +6 ring of intelligence

@: no status effects
A: no striking features
a: Upheaval, Renounce Religion


You were in the Dungeon.
You worshipped Qazlal.
Qazlal was pleased with you.
You were not hungry.

You visited 1 branch

Inventory:

Hand Weapons
 a - a +0 war axe
 H - a +5 broad axe
 M - the +9 sword of Zonguldrok (weapon) {reap}
   (You found it in the Dungeon)

   If a monster killed with it leaves a corpse in good enough shape, the corpse
   will be animated as a zombie friendly to the killer.
Armour
 I - a +3 kite shield (worn)
 J - a +5 crystal plate armour
 K - +5 gold dragon scales (worn)
Jewellery
 w - an uncursed ring of flight
 x - a +6 ring of dexterity
 y - a +6 ring of dexterity
 z - a +6 ring of intelligence (right hand)
 A - a +6 ring of intelligence
 B - a +6 ring of strength (left hand)
 C - a +6 ring of strength
Wands
 D - a wand of disintegration (7)
 E - a wand of iceblast (7)
 F - a wand of acid (7)
Scrolls
 k - 4 scrolls of blinking
 q - 4 scrolls of amnesia
 r - 8 scrolls of fog
 s - a scroll of holy word
 t - 5 scrolls of identify
 u - 5 scrolls of remove curse
 v - 2 scrolls of fear
Potions
 d - 6 potions of might
 e - 10 potions of curing
 g - 10 potions of heal wounds
 h - 6 potions of haste
 i - 7 potions of magic
 j - 3 potions of berserk rage
 l - 2 potions of brilliance
 m - 2 potions of invisibility
 n - 4 potions of resistance
 p - 5 potions of stabbing
Miscellaneous
 G - a lightning rod (4/4)
Comestibles
 f - 7 rations


   Skills:
 + Level 10.4 Fighting
 * Level 11.0 Long Blades
 - Level 3.7 Axes
 + Level 1.5 Throwing
 - Level 4.0 Armour
 + Level 1.3 Dodging
 + Level 1.7 Stealth
 - Level 4.0 Shields
 + Level 1.9 Unarmed Combat
 + Level 1.2 Spellcasting
 * Level 10.2 Invocations
 + Level 2.0 Evocations


You had 8 spell levels left.
You didn't know any spells.
Your spell library contained the following spells:

 Spells                   Type           Power        Failure   Level  Hunger
 Apportation              Tloc           #.....       100%        1    ##.....
 Ensorcelled Hibernation  Hex/Ice        #.....       100%        2    ###....
 Ozocubu's Armour         Chrm/Ice       #.......     100%        3    ####...
 Ozocubu's Refrigeration  Ice            #.........   100%        6    #######
 Controlled Blink         Tloc           N/A          100%        8    #######


Dungeon Overview and Level Annotations

Branches:
Dungeon (1/1)

Altars:
Ashenzari
Cheibriados
Dithmenos
Elyvilon
Fedhas
Gozag
Hepliaklqana
Kikubaaqudgha
Makhleb
Nemelex Xobeh
Okawaru
Qazlal
Ru
Sif Muna
Trog
Uskayaw
Vehumet
Wu Jian
Xom
Yredelemnul
Zin
The Shining One
Beogh
Jiyva
Lugonu

Annotations:
D 1 transporter


Message History

The deep elf mage hits you but does no damage.
The +0 long sword of holy wrath hits you but does no damage.
You hit the deep elf mage.
The deep elf mage is lightly wounded.
The +1 halberd of protection hits you but does no damage.
The +0 long sword of holy wrath hits you but does no damage.
The deep elf mage hits you with a +0 long sword.
* * * LOW HITPOINT WARNING * * *
You slice the deep elf mage!!
The deep elf mage is heavily wounded.
You block the +1 halberd of protection's attack.
You block the +0 long sword of holy wrath's attack.
You hit the deep elf mage.
The deep elf mage is severely wounded.
The +1 halberd of protection hits you from afar!
* * * LOW HITPOINT WARNING * * *
You block the +0 long sword of holy wrath's attack.
You block the deep elf mage's attack.
The +1 halberd of protection hits you from afar!
You die...

▓▓▓▓▓▓▓▓▓▓▓▓▓▓▓▓▓▓▓
▓.8©8.▓.8©8.▓.8©8.▓
▓."|).▓.|}..▓.....▓
▓..)..▓.....▓.[...▓
▓.(...▓...†.▓.....▓
▓..(e.▓.....▓.....▓
▓..@..▓.....▓..©..▓
▓..©..▓..©..▓▓▓▓▓▓▓
▓▓▓▓▓▓▓▓▓▓▓▓▓


You could see a deep elf mage and 2 dancing weapons.

Vanquished Creatures
  A deep elf mage (D)
  A hell hound (D)
  A phantom (D)
  A necrophage (D)
  An adder zombie (D)
5 creatures vanquished.

Vanquished Creatures (collateral kills)
  A necrophage (D)
1 creature vanquished.

Grand Total: 6 creatures vanquished

Notes
Turn   | Place    | Note
-------+----------+-------------------------------------------
     0 | D        | jbtxwes the Hill Orc Fighter began the quest for the Orb.
     0 | D        | Reached XP level 1. HP: 19/19 MP: 1/1
     0 | D        | Found a shimmering blue altar of Sif Muna.
     0 | D        | Found a bloodstained altar of Trog.
     0 | D        | Found a sacrificial altar of Ru.
     0 | D        | Found a stormy altar of Qazlal.
     0 | D        | Found an iron altar of Okawaru.
     1 | D        | Found a sparkling altar of Nemelex Xobeh.
     1 | D        | Found a blossoming altar of Fedhas.
     2 | D        | Found the +6 Majin-Bo {vamp, Archmagi MP+6 Int+6}
     2 | D        | Found the +7 great mace "Firestarter" {inner flame, rF++}
     3 | D        | Found a transporter.
     3 | D        | Found an ancient bone altar of Kikubaaqudgha.
     3 | D        | Found a viscous altar of Jiyva.
     3 | D        | Found a corrupted altar of Lugonu.
     3 | D        | Found a hazy altar of Hepliaklqana.
     3 | D        | Found a burning altar of Makhleb.
     3 | D        | Found an opulent altar of Gozag.
    61 | D        | Became a worshipper of Qazlal Stormbringer
    69 | D        | Found the +6 shillelagh "Devastator" {shatter}
    69 | D        | Found the +11 plutonium sword {*Contam Stlth-}
    69 | D        | Found the +8 lance "Wyrmbane" {slay drac, rPois rF+ rC+
                  | AC+3}
    69 | D        | Found the +9 sword of Zonguldrok {reap}
    69 | D        | Found the cursed +13 scythe of Curses {drain, *Curse}
    69 | D        | Found the +0 sword of Power
    69 | D        | Found the +7 mace of Variability {chain chaos}
    69 | D        | Found the +7 Singing Sword {vorpal, sonic wave}
    69 | D        | Found the +8 storm bow {elec, penet}
    71 | D        | Found the +9 heavy crossbow "Sniper" {vorpal, Acc+∞ SInv}
    71 | D        | Found the +10 dark maul {vorpal}
    71 | D        | Found the +15 Maxwell's patent armour {-Cast -Tele rElec
                  | MR+ rCorr}
    71 | D        | Found the +18 shield of the Gong {rElec rN+ MR+ EV-5}
    71 | D        | Found the cursed +14 obsidian axe {vorpal, +Fly SInv
                  | *Curse}
   111 | D        | Reached skill level 2 in Long Blades
   111 | D        | Reached skill level 1 in Throwing
   111 | D        | Reached skill level 1 in Dodging
   111 | D        | Reached skill level 1 in Stealth
   111 | D        | Reached skill level 1 in Unarmed Combat
   111 | D        | Reached skill level 1 in Spellcasting
   111 | D        | Reached XP level 2. HP: 28/28 MP: 1/3
   137 | D        | Entered arena 2.
   137 | D        | Noticed a hell hound
   137 | D        | Found a transporter.
   143 | D        | Killed a hell hound
   143 | D        | Reached skill level 4 in Long Blades
   143 | D        | Reached XP level 3. HP: 18/39 MP: 3/7
   143 | D        | Reached XP level 4. HP: 21/47 MP: 3/8
   315 | D        | Got the Volume of the Freezing Compass
   321 | D        | Entered arena 3.
   321 | D        | Noticed a necrophage
   321 | D        | Noticed a necrophage
   321 | D        | Noticed a phantom
   321 | D        | Found a transporter.
   327 | D        | Killed a phantom
   327 | D        | Reached * piety under Qazlal
   327 | D        | Reached skill level 6 in Long Blades
   327 | D        | Reached XP level 5. HP: 51/53 MP: 8/10
   330 | D        | Killed a necrophage
   330 | D        | Reached skill level 7 in Long Blades
   330 | D        | Reached XP level 6. HP: 61/62 MP: 8/11
   331 | D        | Killed a necrophage
   331 | D        | Reached skill level 8 in Long Blades
   341 | D        | Entered arena 4.
   341 | D        | Noticed a +1 halberd of protection
   341 | D        | Noticed a deep elf mage
   341 | D        | Noticed a +0 long sword of holy wrath
   341 | D        | Noticed a deep elf mage
   341 | D        | Found a transporter.
   344 | D        | Noticed a neqoxec
   346 | D        | Killed a deep elf mage
   346 | D        | Reached ** piety under Qazlal
   346 | D        | Reached skill level 10 in Fighting
   346 | D        | Reached skill level 11 in Long Blades
   346 | D        | Reached skill level 10 in Invocations
   346 | D        | Reached XP level 7. HP: 21/73 MP: 10/14
   351 | D        | Slain by a +1 halberd of protection

Illustrated notes

Levels and vault maps discovered:
D:        sprint_v [room_start, room_1, room_2, room_3, room_4, room_5, room_6,
          room_7, room_8, room_9, room_10, room_11, room_12, room_13, room_14,
          room_15, room_16, room_17, room_18, room_19, room_20, room_21,
          room_22, room_23, room_24, room_25, room_26, room_27]

Skill      XL: |  1  2  3  4  5  6 |
---------------+-------------------+-----
Fighting       | 4 7 8 10 | 10.4
Long Blades    | 2 4 6 7 11 | 11.0
Axes           | 3 |  3.7
Throwing       | 1 |  1.5
Armour         | 4 |  4.0
Dodging        | 1 |  1.3
Stealth        | 1 |  1.7
Shields        | 4 |  4.0
Unarmed Combat | 1 |  1.9
Spellcasting   | 1 |  1.2
Invocations    | 2 6 7 10 | 10.2
Evocations     | 2 |  2.0

Action                   |  1- 3 |  4- 6 |  7- 9 || total
-------------------------+-------+-------+-------++-------
Melee: Double sword      |     6 |    13 |     5 ||    24
  Use: Potion            |     1 |       |       ||     1
Armor: Gold dragon scale |     8 |    14 |     6 ||    28
Dodge: Dodged            |     1 |     3 |     1 ||     5
Block: Kite shield       |     6 |    16 |     9 ||    31
       Rpst.: Double sword |       |     1 |       ||     1
